 Dungeon Crawl Stone Soup version 0.25.1-2-g60ff931df9 (webtiles) character file.

Game seed: 16648359940257313657

549489 protoss039 the Archmage (level 25, -12/202 HPs)
             Began as a Deep Elf Earth Elementalist on July 31, 2020.
             Was a High Priest of Sif Muna.
             Mangled by an acid blob (13 damage)
             ... created by the Royal Jelly
             ... on level 4 of the Pits of Slime on Aug 2, 2020.
             The game lasted 08:30:12 (84324 turns).

protoss039 the Archmage (DEEE)                     Turns: 84324, Time: 08:30:12

Health: -12/202    AC: 35    Str: 10    XL:     25   Next: 0%
Magic:  3/56       EV: 13    Int: 35    God:    Sif Muna [*****.]
Gold:   4720       SH:  0    Dex: 14    Spells: 9/78 levels left

rFire    + + .     SeeInvis .   N - staff of wizardry
rCold    . . .     Gourm    .   (no shield)
rNeg     + . .     Faith    .   (armour currently unavailable)
rPois    ∞         Spirit   .   Q - +2 helmet
rElec    +         Reflect  .   R - +2 cloak
rCorr    +         Harm     .   (gloves currently unavailable)
MR       ++...     Clarity  +   (boots currently unavailable)
Stlth    ++........             J - amulet of Ottios {RegenMP rF+ Str+3 Slay+2}
HPRegen  0.43/turn              V - ring "Kufryopn" {rCorr Int+2 Slay+4}
MPRegen  0.60/turn              X - ring of Puwnum {rElec rF+ AC+4 Str+4 Dex-3}

@: statue-form, corroded, very slightly contaminated, invisible, very slow
A: agile 1, clarity, mutation resistance 1, weak 1
}: 3/15 runes: decaying, serpentine, silver
a: End Transformation, Channel Magic, Forget Spell, Divine Exegesis, Renounce
Religion


You were on level 4 of the Pits of Slime.
You worshipped Sif Muna.
Sif Muna was extremely pleased with you.
You were not hungry.
You were a stone statue.
You visited 9 branches of the dungeon, and saw 49 of its levels.
You also visited: Trove.

You collected 7404 gold pieces.
You spent 2684 gold pieces at shops.

Inventory:

Hand Weapons
 B - the +5 scimitar of Butchery {flame, rN+ SInv}
   (You bought it in a shop on level 13 of the Dungeon)

   It has been specially enchanted to burn those struck by it, causing extra
   injury to most foes and up to half again as much damage against particularly
   susceptible opponents.
   Big, fiery blades are also staple armaments of hydra-hunters.
   It protects you from negative energy.
   It lets you see invisible.
 G - the cursed +3 morningstar of Power {vamp, +Rage rPois Str+9 Dex-3, unknown}
   (You found it on level 4 of the Depths)

   It inflicts no extra harm, but heals its wielder when it wounds a living foe.
   It affects your strength (+9).
   It affects your dexterity (-3).
   It protects you from poison.
   It lets you go berserk.
   It has a curse placed upon it.
 I - the +2 long sword "Gaas" {protect, rElec MR+}
   (You found it on level 3 of the Elven Halls)

   It grants its wielder temporary protection when it strikes (+7 to AC).
   It insulates you from electricity.
   It affects your resistance to hostile enchantments.
Armour
 K - a +2 robe of magic resistance (melded)
 Q - a +2 helmet (worn)
 R - a +2 cloak (worn)
 U - the +2 pair of gloves of Action (melded) {Str+2 Dex+5}
   (You bought it in a shop on level 2 of the Snake Pit)

   It affects your strength (+2).
   It affects your dexterity (+5).
 W - a +2 pair of boots of stealth (melded)
Magical Staves
 N - an uncursed staff of wizardry (weapon)
Jewellery
 b - the ring of Lituff {rElec rC++ MP+9}
   (You acquired it on level 4 of the Vaults)

   [ring of magical power]

   It greatly protects you from cold.
   It insulates you from electricity.
   It affects your magic capacity (+9).
 p - an uncursed ring of wizardry
 r - an uncursed amulet of regeneration
 u - the ring "Ninnepna" {rElec rPois rC+ MR+ Str+6}
   (You took it off a vault sentinel on level 2 of the Vaults)

   [ring of strength]

   It affects your strength (+6).
   It protects you from cold.
   It insulates you from electricity.
   It protects you from poison.
   It affects your resistance to hostile enchantments.
 J - the amulet of Ottios (around neck) {RegenMP rF+ Str+3 Slay+2}
   (You bought it in a shop on level 3 of the Snake Pit)

   [amulet of magic regeneration]

   It increases your magic regeneration.
   It affects your strength (+3).
   It affects your accuracy and damage with ranged weapons and melee attacks
   (+2).
   It protects you from fire.
 V - the ring "Kufryopn" (left hand) {rCorr Int+2 Slay+4}
   (You took it off an ironheart preserver on level 2 of the Vaults)

   [ring of resist corrosion]

   It affects your intelligence (+2).
   It affects your accuracy and damage with ranged weapons and melee attacks
   (+4).
   It provides partial protection from all sources of acid and corrosion.
 X - the ring of Puwnum (right hand) {rElec rF+ AC+4 Str+4 Dex-3}
   (You found it in a treasure trove)

   [ring of protection]

   It affects your AC (+4).
   It affects your strength (+4).
   It affects your dexterity (-3).
   It protects you from fire.
   It insulates you from electricity.
 Y - the ring "Yrchadao" {+Inv Int+4 Dex+6}
   (You found it in a treasure trove)

   [ring of dexterity]

   It affects your intelligence (+4).
   It affects your dexterity (+6).
   It lets you turn invisible.
Wands
 c - a wand of paralysis (39)
 e - a wand of digging (6)
 f - a wand of clouds (10)
 m - a wand of acid (31)
 A - a wand of polymorph (20)
 D - a wand of iceblast (8)
Scrolls
 g - a scroll of magic mapping
 l - 17 scrolls of remove curse
 n - a scroll of holy word
 o - 3 scrolls of teleportation
 s - 7 scrolls of enchant armour
 t - 9 scrolls of fog
 x - 4 scrolls of fear
 y - 5 scrolls of amnesia
 E - a scroll of summoning
 F - 8 scrolls of enchant weapon
Potions
 a - 6 potions of brilliance
 h - 5 potions of curing
 i - 4 potions of haste
 j - 9 potions of flight
 k - 7 potions of resistance
 q - 2 potions of invisibility
 z - 2 potions of might
 C - 8 potions of magic
 O - 7 potions of cancellation
 T - 3 potions of mutation
Comestibles
 d - 75 rations


   Skills:
 * Level 15.3 Fighting
 - Level 5.0 Armour
 - Level 3.0 Dodging
 - Level 3.0 Stealth
 O Level 27 Spellcasting
 + Level 13.2 Conjurations
 - Level 1.0 Charms
 - Level 10.0 Summonings
 * Level 13.3 Necromancy
 * Level 12.0 Transmutations
 - Level 4.0 Fire Magic
 - Level 1.0 Air Magic
 + Level 24.8 Earth Magic
 - Level 14.0 Invocations


You had 9 spell levels left.
You knew the following spells:

 Your Spells              Type           Power        Failure   Level  Hunger
a - Passwall              Tmut/Erth      ########     0%          2    None
b - Statue Form           Tmut/Erth      ########.    1%          6    None
c - Swiftness             Chrm/Air       ######..     1%          2    None
d - Starburst             Conj/Fire      #######...   1%          6    None
e - Lee's Rapid Deconstr  Erth           ########..   0%          5    None
f - Borgnjor's Vile Clut  Necr/Erth      ########..   0%          5    None
g - Fireball              Conj/Fire      #######...   1%          5    None
h - Iron Shot             Conj/Erth      ########..   1%          6    None
i - Spellforged Servitor  Conj/Summ      #######...   1%          7    None
j - Lehudib's Crystal Sp  Conj/Erth      ########..   1%          8    None
k - Necromutation         Tmut/Necr      #######...   6%          8    None
l - Shatter               Erth           ########..   1%          9    ##.....

Your spell library contained the following spells:

 Spells                   Type           Power        Failure   Level  Hunger
 Animate Skeleton         Necr           N/A          0%          1    None
 Beastly Appendage        Tmut           ######       0%          1    None
 Foxfire                  Conj/Fire      ####         0%          1    None
 Magic Dart               Conj           ####         0%          1    None
 Pain                     Necr           ####         0%          1    None
 Sandblast                Erth           ######       0%          1    None
 Shock                    Conj/Air       ####         0%          1    None
 Summon Butterflies       Summ           #######.     0%          1    None
 Summon Small Mammal      Summ           ####         0%          1    None
 Call Imp                 Summ           #######.     0%          2    None
 Searing Ray              Conj           ######       0%          2    None
 Sticks to Snakes         Tmut           #######.     0%          2    None
 Sublimation of Blood     Necr           #######...   0%          2    None
 Call Canine Familiar     Summ           #######.     0%          3    None
 Stone Arrow              Conj/Erth      ######       0%          3    None
 Vampiric Draining        Necr           #######...   0%          3    None
 Animate Dead             Necr           N/A          0%          4    None
 Dispel Undead            Necr           #######.     0%          4    None
 Petrify                  Tmut/Erth      ########     0%          4    None
 Apportation              Tloc           #####.       1%          1    None
 Corona                   Hex            #####..      1%          1    None
 Freeze                   Ice            ####         1%          1    None
 Infusion                 Chrm           ####         1%          1    None
 Sting                    Tmut/Pois      ####         1%          1    None
 Blink                    Tloc           N/A          1%          2    None
 Corpse Rot               Necr/Air       N/A          1%          2    None
 Ensorcelled Hibernation  Hex/Ice        #####.       1%          2    None
 Poisonous Vapours        Pois/Air       ######       1%          2    None
 Shroud of Golubria       Chrm/Tloc      ######       1%          2    None
 Slow                     Hex            #####...     1%          2    None
 Song of Slaying          Chrm           ######..     1%          2    None
 Confusing Touch          Hex            #####...     1%          3    None
 Conjure Flame            Conj/Fire      #######.     1%          3    None
 Dazzling Flash           Conj/Hex       ######       1%          3    None
 Gell's Gravitas          Tloc           #####.....   1%          3    None
 Ignite Poison            Fire/Tmut/Pois ######..     1%          3    None
 Inner Flame              Hex/Fire       ######..     1%          3    None
 Lesser Beckoning         Tloc           #####.....   1%          3    None
 Mephitic Cloud           Conj/Pois/Air  ######..     1%          3    None
 Ozocubu's Armour         Chrm/Ice       ######..     1%          3    None
 Portal Projectile        Hex/Tloc       #####.       1%          3    None
 Recall                   Summ/Tloc      N/A          1%          3    None
 Spectral Weapon          Hex/Chrm       ######..     1%          3    None
 Spider Form              Tmut/Pois      ######....   1%          3    None
 Static Discharge         Conj/Air       #######.     1%          3    None
 Summon Guardian Golem    Hex/Summ       ######..     1%          3    None
 Teleport Other           Tloc           #####...     1%          3    None
 Tukima's Dance           Hex            #####...     1%          3    None
 Airstrike                Air            ######....   1%          4    None
 Cause Fear               Hex            #####.....   1%          4    None
 Fulminant Prism          Conj/Hex       #######...   1%          4    None
 Hailstorm                Conj/Ice       #######.     1%          4    None
 Ice Form                 Ice/Tmut       ######..     1%          4    None
 Iskenderun's Mystic Bla  Conj/Tloc      #######.     1%          4    None
 Leda's Liquefaction      Hex/Erth       #######...   1%          4    None
 Olgreb's Toxic Radiance  Pois           #####...     1%          4    None
 Passage of Golubria      Tloc           N/A          1%          4    None
 Sticky Flame             Conj/Fire      #######.     1%          4    None
 Summon Ice Beast         Ice/Summ       ######..     1%          4    None
 Summon Lightning Spire   Summ/Air       ######..     1%          4    None
 Agony                    Necr           #######.     1%          5    None
 Alistair's Intoxication  Tmut/Pois      ######..     1%          5    None
 Aura of Abjuration       Summ           #######...   1%          5    None
 Blade Hands              Tmut           #######...   1%          5    None
 Bolt of Magma            Conj/Fire/Erth #######...   1%          5    None
 Excruciating Wounds      Chrm/Necr      #######...   1%          5    None
 Irradiate                Conj/Tmut      #######...   1%          5    None
 Iskenderun's Battlesphe  Conj/Chrm      #######.     1%          5    None
 Lightning Bolt           Conj/Air       #######...   1%          5    None
 Summon Demon             Summ           #######...   1%          5    None
 Summon Forest            Summ/Tloc      ######....   1%          5    None
 Summon Mana Viper        Hex/Summ       ######..     1%          5    None
 Yara's Violent Unravell  Hex/Tmut       ######....   1%          5    None
 Conjure Ball Lightning   Conj/Air       #######...   1%          6    None
 Death Channel            Necr           #######...   1%          6    None
 Hydra Form               Tmut           #######...   1%          6    None
 Shadow Creatures         Summ           N/A          1%          6    None
 Simulacrum               Ice/Necr       #######...   1%          6    None
 Dragon Form              Tmut           #######...   1%          7    None
 Haunt                    Necr/Summ      #######...   1%          7    None
 Orb of Destruction       Conj           #######...   1%          7    None
 Eringya's Noxious Bog    Tmut/Pois      ######....   2%          6    None
 Monstrous Menagerie      Summ           #######...   2%          7    None
 Summon Greater Demon     Summ           #######...   2%          7    None
 Summon Hydra             Summ           #######...   2%          7    None
 Metabolic Englaciation   Hex/Ice        #####.....   4%          5    None
 Silence                  Hex/Air        ######....   4%          5    None
 Freezing Cloud           Conj/Ice/Air   ######....   4%          6    None
 Borgnjor's Revivificati  Necr           #######...   4%          8    None
 Infestation              Necr           #######...   4%          8    None
 Malign Gateway           Summ/Tloc      ######....   19%         7    None
 Summon Horrible Things   Summ           #######...   19%         8    None
 Darkness                 Hex            #####.....   26%         6    None
 Dispersal                Tloc           #####.....   26%         6    None
 Invisibility             Hex            #####...     26%         6    None
 Ozocubu's Refrigeration  Ice            #####.....   26%         6    None
 Ring of Flames           Chrm/Fire      ######....   45%         7    None
 Chain Lightning          Conj/Air       #######...   50%         8    None
 Death's Door             Chrm/Necr      #######...   50%         8    None
 Ignition                 Fire           ######....   89%         8    None
 Dragon's Call            Summ           #######...   94%         9    ##.....
 Fire Storm               Conj/Fire      #######...   99%         9    ##.....
 Controlled Blink         Tloc           N/A          100%        8    None
 Discord                  Hex            #####.....   100%        8    None
 Absolute Zero            Ice            #####.....   100%        9    ##.....
 Tornado                  Air            ######....   100%        9    ##.....


Dungeon Overview and Level Annotations

Branches:
Dungeon (15/15)            Temple (0/1) D:7            Lair (6/6) D:11
  Swamp (4/4) Lair:2        Snake (4/4) Lair:3        Slime (5/5) Lair:6
    Orc (2/2) D:10            Elf (3/3) Orc:2        Vaults (5/5) D:14
  Crypt (0/3) Vaults:2     Depths (5/5) D:15            Zot (0/5) Depths:5

Altars:
Ashenzari
Cheibriados
Dithmenos
Elyvilon
Fedhas
Gozag
Okawaru
Qazlal
Sif Muna
Uskayaw
Vehumet
Xom
Yredelemnul
The Shining One
Beogh
Jiyva

Shops:
D:13 (   D:14 (   Orc:2 *(=%[   Elf:2 *   Snake:2 [   Snake:3 ==}   Vaults:2 [
Vaults:3 [}=   Depths:4 }=}}

Portals:
Hell: Depths:1 Depths:2 Depths:3 Depths:4 Depths:5
Abyss: Depths:1 Depths:4 Depths:5
Pandemonium: Depths:3
Ziggurat: Depths:1

Annotations:
D:13 2 exclusions
Swamp:1 1 exclusion
Swamp:2 1 exclusion
Elf:1 1 exclusion


Innate Abilities, Weirdness & Mutations

You are agile. (Dex +2)
You possess an exceptional clarity of mind.
You are somewhat resistant to further mutation.
You are weak. (Str -2)


Message History

* * * LOW HITPOINT WARNING * * *
The acid blob hits you but does no damage.
The wall burns your spellforged servitor!
The acid blob hits you but does no damage. x2
The wall burns your spellforged servitor!
Unknown command.
Unknown command.
Okay, then.
Okay, then.
Okay, then.
As you read the scroll of summoning, it crumbles to dust.
Wisps of shadow whirl around you... The acid blob spits acid at you.
The splash of acid hits you but does no damage.
You are splashed with acid.
You resist.
* * * LOW HITPOINT WARNING * * *
The acid blob hits you but does no damage.
The wall burns your spellforged servitor!
The acid blob hits you!
You die...

.............#.........## .#
...#.........^##........##.##
.......................#....#
...........................##
.............#.......<....#..##
...........<......#...........#
........#.................#..##
........#.......J.........# ##
.#......#......J8..........#
#.............J..8.........#
##.##..##.#...G#..##..###.##
###################### ##


You could see 2 acid blobs, a friendly azure jelly (summoned), a friendly
spellforged servitor (summoned) and a friendly great orb of eyes (summoned).

Vanquished Creatures
  the Royal Jelly (Slime:5)
  2 ancient liches
  Vashnia (Snake:4)
  4 golden dragons
  A caustic shrike (Depths:3)
  The ghost of Soammui the Slayer, an adept MiBe of Trog (Elf:2)
  3 tentacled monstrosities
  7 liches
  Rupert (Lair:6)
  2 titans (Vaults:5)
  The ghost of dannycarnage the Scorcher, an adept DEEE of Vehumet (Vaults:3)
  10 acid blobs
  4 deep elf master archers (Elf:3)
  3 sphinxes
  4 deep elf blademasters
  A thorn hunter (Swamp:4)
  3 storm dragons
  5 tengu reavers
  Kirke (Lair:6)
  5 shadow dragons
  5 nagarajas (Snake:4)
  4 azure jellies
  Louise (Swamp:2)
  7 frost giants
  Aizul (Swamp:4)
  2 iron dragons
  4 fire giants
  5 deep elf sorcerers
  A deep elf elementalist (Depths:3)
  An orc warlord (Orc:1)
  16 vault wardens
  A draconian stormcaller (Depths:5)
  14 stone giants
  A draconian annihilator (Depths:5)
  2 spriggan defenders (Depths:5)
  2 war gargoyles
  An entropy weaver (Vaults:3)
  12 ironheart preservers
  A vampire knight (Depths:4)
  8 very ugly things
  2 green draconians (Depths:5)
  6 deep elf demonologists
  2 black draconians (Depths:5)
  10 deep elf annihilators
  2 white draconians (Depths:5)
  2 pale draconians (Depths:5)
  A spark wasp (Depths:2)
  2 death oozes (Slime:5)
  Snorg (Lair:6)
  8 ettins
  A merfolk impaler (Depths:1)
  4 deep elf death magi
  8 fire dragons
  2 crystal guardians
  11 yaktaur captains
  8 great orbs of eyes
  Erolcha (D:11)
  11 ice dragons
  27 hydras
  38 vault guards
  Fannar (Lair:1)
  2 ghost crabs
  19 naga warriors
  4 spriggan air magi
  2 rakshasas
  9 centaur warriors
  4 shambling mangroves
  6 anacondas
  23 ogre magi
  45 two-headed ogres
  14 alligators
  3 death knights
  5 deep troll shamans
  A vampire mage (Depths:3)
  4 deep troll earth magi
  21 dancing weapons
  3 spriggan berserkers
  11 tengu warriors
  A titan zombie (Vaults:4)
  9 shock serpents
  An orc high priest (Orc:2)
  18 naga sharpshooters
  21 deep elf knights
  A hell knight (Depths:3)
  An iron troll (shapeshifter) (Depths:3)
  2 iron trolls (Depths:1)
  6 salamander mystics
  A sixfirhy (Depths:3)
  6 sea snakes (Snake:4)
  2 shadow wraiths (Vaults:2)
  3 glowing orange brains
  4 skeletal warriors (Vaults:2)
  A shadow demon (Depths:3)
  5 spriggan druids
  14 deep trolls
  A deep troll (shapeshifter) (Vaults:1)
  14 swamp dragons
  3 unseen horrors
  A flayed ghost (Depths:3)
  10 naga ritualists
  26 deep elf archers
  An obsidian statue (Elf:2)
  14 ironbrand convokers
  10 wizards
  A harpy (shapeshifter) (D:14)
  21 orc knights
  14 mana vipers
  3 phantasmal warriors
  7 wolf spiders
  32 ugly things
  A mana viper (shapeshifter) (Vaults:5)
  6 necromancers
  7 oklob plants
  An orb spider (shapeshifter) (Vaults:5)
  3 manticores
  An orc sorcerer (Orc:2)
  2 shining eyes
  77 deep elf magi
  5 cyclopes
  23 salamanders
  A tengu skeleton (Vaults:5)
  A centaur zombie (D:12)
  A molten gargoyle (Depths:4)
  A black mamba (shapeshifter) (Depths:3)
  42 black mambas
  25 naga magi
  14 guardian serpents
  3 gargoyles
  14 vault sentinels
  A titan simulacrum (Vaults:4)
  A guardian serpent (shapeshifter) (Depths:2)
  A torpor snail (Lair:6)
  A torpor snail (shapeshifter) (Vaults:3)
  Maggie (D:7)
  A spiny frog (shapeshifter) (Elf:3)
  15 spiny frogs
  A human zombie (Vaults:4)
  A kobold demonologist (D:12)
  7 freezing wraiths
  A komodo dragon (shapeshifter) (Vaults:4)
  36 yaktaurs
  A yaktaur (shapeshifter) (Elf:3)
  6 rime drakes
  6 komodo dragons
  2 tengu conjurers
  A nameless horror (Depths:3)
  An ice devil (Depths:3)
  8 trolls
  A queen bee (D:14)
  A jumping spider (Vaults:3)
  33 hornets
  A polar bear (shapeshifter) (D:15)
  11 tyrant leeches
  A meliai (shapeshifter) (D:15)
  3 meliai (D:14)
  9 polar bears
  A tengu simulacrum (Vaults:3)
  8 bog bodies
  8 blink frogs
  A frost giant simulacrum (Vaults:5)
  30 slime creatures
  A dream sheep (shapeshifter) (Elf:3)
  3 human simulacra
  17 dream sheep
  12 hippogriffs
  A hippogriff (shapeshifter) (Vaults:1)
  2 redbacks (Vaults:3)
  A tarantella (shapeshifter) (Vaults:1)
  34 spriggans
  2 air elementals
  A tarantella (Vaults:3)
  29 yaks
  An ettin skeleton (Vaults:3)
  2 basilisks
  A shadow (D:13)
  12 water elementals
  A wyvern (shapeshifter) (Vaults:5)
  9 wyverns
  A wraith (D:11)
  5 hogs
  2 humans
  2 golden eyes (Slime:2)
  Grum (D:8)
  The ghost of jt the Shield-Bearer, an amateur FoFi (D:3)
  3 steam dragons
  3 hungry ghosts
  A neqoxec (Depths:3)
  17 vampire mosquitoes
  Menkaure (D:7)
  A swamp worm (shapeshifter) (Vaults:5)
  A yaktaur simulacrum (Vaults:3)
  7 acid dragons
  13 insubstantial wisps
  92 nagas
  11 wargs
  8 swamp worms
  18 water moccasins
  A hell hound (Depths:5)
  A soldier ant (D:12)
  Duvessa (D:7)
  A swamp drake (shapeshifter) (Vaults:3)
  14 swamp drakes
  A hornet zombie (D:14)
  A deep troll skeleton (Vaults:5)
  5 ice beasts
  8 sky beasts
  9 porcupines
  5 phantoms
  38 orc warriors
  3 eyes of draining
  4 black bears
  56 ogres
  11 boggarts
  12 centaurs
  36 wolves
  An elf simulacrum (Vaults:5)
  16 crocodiles
  2 big kobolds
  A wyvern zombie (D:4)
  A bullfrog (shapeshifter) (Vaults:2)
  18 bullfrogs
  Dowan (D:7)
  2 earth elementals (Elf:3)
  3 scorpions
  21 wights
  20 killer bees
  2 electric eels
  4 howler monkeys
  6 crimson imps
  2 quasits
  6 hounds
  15 orc priests
  A jelly (D:12)
  2 bullfrog skeletons
  8 centaur skeletons
  3 bullfrog zombies
  8 iguanas
  Terence (D:3)
  26 orc wizards
  Natasha (D:3)
  14 worker ants
  2 polar bear simulacra (Lair:4)
  3 yak simulacra (Lair:4)
  3 wolf simulacra (Lair:4)
  A hound skeleton (D:7)
  2 howler monkey zombies
  15 adders
  4 gnolls
  3 shadow imps
  An ooze (D:6)
  An adder zombie (D:8)
  4 worms
  8 dart slugs
  7 leopard geckos
  105 orcs
  7 giant cockroaches
  4 goblins
  5 hobgoblins
  13 jackals
  5 quokkas
  2 ball pythons
  12 bats
  2 frilled lizards (D:2)
  18 kobolds
  A quokka skeleton (D:3)
  6 rats
  3 river rat simulacra (Lair:4)
  5 fungi
  17 plants
2123 creatures vanquished.

Vanquished Creatures (collateral kills)
  A juggernaut (Depths:3)
  Xtahua (Depths:3)
  A golden dragon (Depths:5)
  5 acid blobs
  A titan (Vaults:5)
  A sphinx (Depths:2)
  A storm dragon (Vaults:5)
  A tengu reaver (Vaults:5)
  4 shadow dragons
  5 azure jellies
  2 fire giants
  3 frost giants
  2 vault wardens
  A war gargoyle (Vaults:4)
  An ironheart preserver (Vaults:5)
  An entropy weaver (shapeshifter) (Vaults:5)
  5 stone giants
  A deep elf demonologist (Depths:3)
  A spark wasp (Depths:2)
  A merfolk javelineer (Depths:1)
  2 ettins (Depths:3)
  A death ooze (Slime:1)
  An ogre mage (Depths:4)
  5 yaktaur captains
  4 great orbs of eyes
  An ice dragon (Depths:4)
  A deep troll earth mage (Depths:3)
  A deep troll shaman (Depths:3)
  2 tengu warriors
  A fire crab (shapeshifter) (Vaults:5)
  A soul eater (Depths:5)
  3 deep trolls
  A glowing orange brain (Depths:3)
  A tengu zombie (Vaults:3)
  An orc knight (Vaults:3)
  A phantasmal warrior (Vaults:5)
  A stone giant zombie (Vaults:3)
  2 ugly things (Depths:1)
  A cyclops (shapeshifter) (Depths:3)
  2 salamanders (Depths:5)
  A human skeleton (Vaults:3)
  A manticore (shapeshifter) (Vaults:5)
  A water nymph (shapeshifter) (Depths:3)
  An orange demon (Depths:3)
  A vault sentinel (Vaults:5)
  An eye of devastation (Slime:2)
  A yaktaur (Vaults:3)
  A red devil (Depths:5)
  A tengu conjurer (Depths:5)
  A troll (Vaults:3)
  13 slime creatures
  3 water elementals
  4 golden eyes (Slime:4)
  An acid dragon (shapeshifter) (Vaults:5)
  An orc warrior (Vaults:5)
  3 eyes of draining
  A crimson imp (Depths:5)
  An orc wizard (Vaults:5)
  An orc priest (Vaults:5)
  An orc (Vaults:3)
  A fire vortex (Depths:4)
112 creatures vanquished.

Vanquished Creatures (others)
  A titan (Vaults:5)
  A vampire knight (Depths:2)
  4 humans (Lair:6)
  A steam dragon (Depths:5)
  2 orc warriors
  An orc wizard (Orc:2)
  An adder (D:2)
  An orc (D:7)
  5 bushes
  41 fungi
  73 plants
131 creatures vanquished.

Grand Total: 2366 creatures vanquished

Notes
Turn   | Place    | Note
-------+----------+-------------------------------------------
     0 | D:1      | protoss039 the Deep Elf Earth Elementalist began the quest
                  | for the Orb.
     0 | D:1      | Reached XP level 1. HP: 10/10 MP: 6/6
   178 | D:1      | Reached XP level 2. HP: 15/15 MP: 4/8
   512 | D:1      | Reached XP level 3. HP: 15/19 MP: 5/10
  1289 | D:2      | Reached skill level 4 in Spellcasting
  1440 | D:2      | Learned a level 2 spell: Passwall
  1444 | D:2      | Learned a level 3 spell: Stone Arrow
  1637 | D:2      | Reached XP level 4. HP: 19/24 MP: 12/12
  2645 | D:3      | Noticed Natasha
  2672 | D:3      | Found a faded altar of an unknown god.
  3110 | D:3      | Reached skill level 5 in Spellcasting
  3272 | D:3      | Reached XP level 5. HP: 28/28 MP: 4/14
  3961 | D:3      | Noticed Terence
  3968 | D:3      | Learned a level 4 spell: Petrify
  3975 | D:3      | Killed Terence
  3975 | D:3      | Reached skill level 5 in Earth Magic
  3990 | D:3      | Reached skill level 1 in Conjurations
  4343 | D:3      | Found a transporter.
  4343 | D:3      | Noticed an ogre
  4344 | D:3      | Noticed jt's ghost (amateur FoFi)
  4348 | D:3      | Found a transporter.
  4348 | D:3      | Identified the +10 dire flail "Dithroig" {vorpal, rPois
                  | Str+5 Dex-4}
  4348 | D:3      | Noticed an ogre
  4427 | D:3      | Killed Natasha
  4613 | D:4      | Noticed a phantom
  4616 | D:4      | Killed a phantom
  4616 | D:4      | Reached skill level 6 in Spellcasting
  4616 | D:4      | Reached XP level 6. HP: 32/32 MP: 9/17
  4623 | D:4      | Found a white marble altar of Elyvilon.
  5193 | D:4      | Reached skill level 7 in Spellcasting
  5193 | D:4      | Reached XP level 7. HP: 36/36 MP: 9/19
  5810 | D:4      | Found a basalt altar of Yredelemnul.
  6254 | D:4      | Learned a level 5 spell: Lee's Rapid Deconstruction
  6255 | D:5      | Entered Level 5 of the Dungeon
  6440 | D:5      | Reached skill level 8 in Spellcasting
  6989 | D:5      | Found a shimmering blue altar of Sif Muna.
  7004 | D:5      | Reached XP level 8. HP: 41/41 MP: 6/22
  7015 | D:5      | Became a worshipper of Sif Muna the Loreminder
  7292 | D:5      | Reached skill level 9 in Spellcasting
  7466 | D:6      | Reached skill level 1 in Invocations
  7492 | D:6      | Got a fading flail
  7493 | D:6      | Reached skill level 1 in Fighting
  7494 | D:6      | Identified the +3 flail of Honesty {speed, rF+} (You found
                  | it on level 6 of the Dungeon)
  8299 | D:7      | Reached skill level 10 in Spellcasting
  8481 | D:7      | Noticed Duvessa
  8481 | D:7      | Noticed Dowan
  8490 | D:7      | Killed Duvessa
  8490 | D:7      | Reached XP level 9. HP: 48/48 MP: 15/25
  8515 | D:7      | Killed Dowan
  8515 | D:7      | Reached skill level 1 in Armour
  8656 | D:7      | Reached * piety under Sif Muna
  8962 | D:7      | Gained mutation: You are resistant to hostile enchantments.
                  | (MR+) [potion of mutation]
  8962 | D:7      | Gained mutation: Scrolls take you a little longer to read.
                  | [potion of mutation]
  8962 | D:7      | Gained mutation: You are weak. (Str -2) [potion of
                  | mutation]
  8962 | D:7      | Gained mutation: Your system is resistant to poisons.
                  | (rPois) [potion of mutation]
  9081 | D:7      | Found a staircase to the Ecumenical Temple.
  9096 | D:7      | Noticed Menkaure
  9098 | D:7      | Killed Menkaure
  9274 | D:7      | Reached skill level 11 in Spellcasting
  9554 | D:7      | Noticed Maggie
  9583 | D:7      | Killed Maggie
  9609 | D:7      | Lost mutation: You are weak. (Str -2) [potion of mutation]
  9609 | D:7      | Lost mutation: Scrolls take you a little longer to read.
                  | [potion of mutation]
  9609 | D:7      | Lost mutation: Your system is resistant to poisons. (rPois)
                  | [potion of mutation]
  9609 | D:7      | Gained mutation: You are weak. (Str -2) [potion of
                  | mutation]
  9609 | D:7      | Gained mutation: You have sharp fingernails. [potion of
                  | mutation]
  9609 | D:7      | Gained mutation: Your flesh is heat resistant. (rF+)
                  | [potion of mutation]
  9610 | D:7      | Lost mutation: Your flesh is heat resistant. (rF+) [potion
                  | of mutation]
  9610 | D:7      | Lost mutation: You are resistant to hostile enchantments.
                  | (MR+) [potion of mutation]
  9610 | D:7      | Gained mutation: Your body sometimes deteriorates upon
                  | taking damage. [potion of mutation]
  9610 | D:7      | Gained mutation: You are agile. (Dex +2) [potion of
                  | mutation]
  9611 | D:7      | Lost mutation: Your body sometimes deteriorates upon taking
                  | damage. [potion of mutation]
  9611 | D:7      | Lost mutation: You are agile. (Dex +2) [potion of mutation]
  9611 | D:7      | Lost mutation: You have sharp fingernails. [potion of
                  | mutation]
  9611 | D:7      | Gained mutation: You are agile. (Dex +2) [potion of
                  | mutation]
  9611 | D:7      | Gained mutation: You possess an exceptional clarity of
                  | mind. [potion of mutation]
  9611 | D:7      | Gained mutation: You are somewhat resistant to further
                  | mutation. [potion of mutation]
  9705 | D:7      | Found a blossoming altar of Fedhas.
  9952 | D:8      | Found a radiant altar of Vehumet.
  9952 | D:8      | Found a shadowy altar of Dithmenos.
  9959 | D:8      | Found a stormy altar of Qazlal.
  9961 | D:8      | Found a snail-covered altar of Cheibriados.
  9963 | D:8      | Found a faded altar of an unknown god.
  9969 | D:8      | Reached XP level 10. HP: 56/56 MP: 14/27
 10159 | D:8      | Reached ** piety under Sif Muna
 11063 | D:8      | Noticed Grum
 11074 | D:8      | Killed Grum
 11218 | D:8      | Reached skill level 5 in Conjurations
 11218 | D:8      | Reached skill level 5 in Invocations
 11823 | D:9      | Reached skill level 12 in Spellcasting
 12010 | D:9      | Noticed a two-headed ogre
 12018 | D:9      | Killed a two-headed ogre
 12018 | D:9      | Reached skill level 10 in Earth Magic
 12675 | D:9      | Reached *** piety under Sif Muna
 12801 | D:10     | Entered Level 10 of the Dungeon
 12911 | D:10     | Found a staircase to the Orcish Mines.
 12933 | D:10     | Reached XP level 11. HP: 61/61 MP: 17/29
 13414 | D:10     | Found a portal to a secret trove of treasure.
 13501 | D:11     | Noticed Erolcha
 13587 | D:11     | Noticed a white ugly thing
 13642 | D:11     | Found a shimmering altar of Xom.
 13716 | D:11     | Reached skill level 13 in Spellcasting
 13771 | D:11     | Killed Erolcha
 13948 | D:11     | Reached **** piety under Sif Muna
 14060 | D:11     | Killed a white ugly thing
 14178 | D:11     | Found a staircase to the Lair.
 14498 | D:12     | Noticed a six-headed hydra
 14539 | D:12     | Reached skill level 5 in Fighting
 14545 | D:12     | Killed a six-headed hydra
 14746 | D:12     | Killed an unseen horror
 14746 | D:12     | Reached skill level 14 in Spellcasting
 15156 | D:12     | Reached ***** piety under Sif Muna
 15279 | D:12     | Received a gift from Sif Muna
 15279 | D:12     | Reached XP level 12. HP: 68/68 MP: 21/32
 15287 | D:12     | Learned a level 5 spell: Borgnjor's Vile Clutch
 15781 | D:13     | Reached skill level 1 in Necromancy
 15788 | D:13     | Reached skill level 5 in Armour
 15952 | D:13     | Noticed a centaur warrior
 16091 | D:13     | Found Qiopiun's Antique Weapon Emporium.
 16155 | D:13     | Noticed a two-headed ogre
 16161 | D:13     | Killed a two-headed ogre
 16169 | D:13     | Killed a centaur warrior
 16454 | D:13     | Reached skill level 15 in Spellcasting
 16525 | D:14     | Noticed a two-headed ogre
 16531 | D:14     | Killed a two-headed ogre
 16868 | D:14     | Noticed a two-headed ogre
 16938 | D:14     | Noticed a two-headed ogre
 16951 | D:14     | Killed a two-headed ogre
 17100 | D:14     | Noticed a vault guard
 17286 | D:14     | Killed a two-headed ogre
 17286 | D:14     | Reached skill level 16 in Spellcasting
 17348 | D:14     | Found Lyoposos's Antique Weapon Shoppe.
 17588 | D:14     | Noticed a tengu warrior
 17589 | D:14     | Noticed a tengu warrior
 17594 | D:14     | Killed a tengu warrior
 17596 | D:14     | Killed a tengu warrior
 17673 | D:14     | Noticed a six-headed hydra
 17680 | D:14     | Reached XP level 13. HP: 39/74 MP: 11/35
 18222 | D:14     | Identified Sif Muna's Advanced Guide to the Arcane Arts
                  | (Sif Muna gifted it to you on level 14 of the Dungeon)
 18222 | D:14     | Received a gift from Sif Muna
 18264 | D:14     | Learned a level 6 spell: Iron Shot
 18833 | D:14     | Reached skill level 17 in Spellcasting
 18876 | D:14     | Found a gate to the Vaults.
 18975 | D:15     | Entered Level 15 of the Dungeon
 19048 | D:15     | Reached skill level 5 in Necromancy
 19598 | D:15     | Found a shattered altar of Ashenzari.
 20002 | D:15     | Found a staircase to the Depths.
 20415 | Lair:1   | Entered Level 1 of the Lair of Beasts
 20742 | Lair:1   | Noticed Fannar
 20748 | Lair:1   | Killed Fannar
 20748 | Lair:1   | Reached XP level 14. HP: 82/82 MP: 24/37
 21607 | Lair:1   | Identified Sif Muna's Grimoire of Ensnaring Earth (Sif Muna
                  | gifted it to you on level 1 of the Lair of Beasts)
 21607 | Lair:1   | Received a gift from Sif Muna
 21621 | Lair:1   | Learned a level 6 spell: Statue Form
 21713 | Lair:2   | Found a staircase to the Swamp.
 22356 | Lair:3   | Reached skill level 18 in Spellcasting
 22559 | Lair:3   | Found a staircase to the Snake Pit.
 23061 | Lair:4   | Found a hide-covered altar of Uskayaw.
 23165 | Lair:4   | Reached skill level 10 in Invocations
 23247 | Lair:4   | Got a masterwork leather armour
 23250 | Lair:4   | Got a blackened war axe
 23272 | Lair:4   | Identified the cursed +0 leather armour of Submission {rF+
                  | Str+3 Int+3} (You found it on level 4 of the Lair of
                  | Beasts)
 23272 | Lair:4   | Identified the cursed +1 war axe "Xoyqok" {freeze, MR+}
                  | (You found it on level 4 of the Lair of Beasts)
 24447 | Lair:4   | Identified Sif Muna's Guide on the Excruciating Blaze (Sif
                  | Muna gifted it to you on level 4 of the Lair of Beasts)
 24447 | Lair:4   | Received a gift from Sif Muna
 25009 | D:10     | Learned a level 5 spell: Fireball
 25010 | Orc:1    | Entered Level 1 of the Orcish Mines
 25575 | D:3      | Killed jt's ghost
 25749 | Orc:2    | Entered Level 2 of the Orcish Mines
 25749 | Orc:2    | Found Inon's Antique Armour Shop.
 25752 | Orc:2    | Noticed a stone giant
 25771 | Orc:1    | Reached skill level 1 in Fire Magic
 25779 | Orc:1    | Learned a level 6 spell: Starburst
 25969 | Orc:1    | Killed a stone giant
 26388 | Orc:2    | Noticed a stone giant
 26739 | Orc:2    | Killed a stone giant
 27073 | Orc:2    | Reached XP level 15. HP: 57/88 MP: 4/39
 27391 | Orc:2    | Received a gift from Sif Muna
 27391 | Orc:2    | Reached skill level 19 in Spellcasting
 27693 | Orc:2    | Noticed an orc warlord
 28037 | Orc:1    | Killed an orc warlord
 28372 | Orc:2    | Found Cischil's Jewellery Boutique.
 28372 | Orc:2    | Found Xoiweunk's Food Emporium.
 28373 | Orc:2    | Found Tyefaexoa's General Store.
 28373 | Orc:2    | Found Tachelo's Weapon Boutique.
 28427 | Orc:2    | Found an iron altar of Okawaru.
 28452 | Orc:2    | Found a staircase to the Elven Halls.
 28916 | Orc:1    | Found a roughly hewn altar of Beogh.
 29205 | Swamp:1  | Entered Level 1 of the Swamp
 29767 | Swamp:1  | Reached skill level 5 in Transmutations
 30706 | Swamp:1  | Learned a level 2 spell: Swiftness
 30707 | Swamp:2  | Noticed Louise
 30912 | D:14     | Bought a jewelled great sword for 333 gold pieces
 30912 | D:14     | Identified the cursed +1 great sword of the Dead {vorpal,
                  | Dex+3} (You bought it in a shop on level 14 of the Dungeon)
 30941 | D:13     | Bought a masterwork scimitar for 288 gold pieces
 30941 | D:13     | Bought an ivory morningstar for 288 gold pieces
 30943 | D:13     | Identified the +5 scimitar of Butchery {flame, rN+ SInv}
                  | (You bought it in a shop on level 13 of the Dungeon)
 30944 | D:13     | Identified the +3 morningstar "Joqixt" {elec, rC- rN++
                  | Dex+3} (You bought it in a shop on level 13 of the Dungeon)
 31150 | Swamp:2  | Identified Sif Muna's Handbook of Supportive Enchantment
                  | (Sif Muna gifted it to you on level 2 of the Swamp)
 31150 | Swamp:2  | Received a gift from Sif Muna
 32044 | Swamp:3  | Reached skill level 15 in Earth Magic
 32989 | Swamp:2  | Killed Louise
 33229 | Swamp:3  | Reached XP level 16. HP: 96/96 MP: 10/41
 33229 | Swamp:3  | Reached skill level 20 in Spellcasting
 33469 | Swamp:3  | Found an opulent altar of Gozag.
 33535 | Swamp:3  | Reached skill level 1 in Charms
 34254 | Swamp:4  | Entered Level 4 of the Swamp
 34310 | Swamp:4  | Noticed Aizul
 34320 | Swamp:4  | Killed Aizul
 34320 | Swamp:4  | Reached skill level 1 in Air Magic
 35050 | Swamp:4  | Noticed a thorn hunter
 35124 | Swamp:4  | Killed a thorn hunter
 35721 | Swamp:4  | Identified Sif Muna's Guide on Congealing Stones (Sif Muna
                  | gifted it to you on level 4 of the Swamp)
 35721 | Swamp:4  | Received a gift from Sif Muna
 36402 | Swamp:4  | Got a decaying rune of Zot
 36582 | Snake:1  | Entered Level 1 of the Snake Pit
 36968 | Snake:1  | Reached skill level 21 in Spellcasting
 38307 | Snake:2  | Reached skill level 10 in Fighting
 38797 | Snake:2  | Identified Sif Muna's Grimoire of Creative Evil Magic (Sif
                  | Muna gifted it to you on level 2 of the Snake Pit)
 38797 | Snake:2  | Received a gift from Sif Muna
 38797 | Snake:2  | Reached XP level 17. HP: 51/102 MP: 16/44
 39885 | Snake:2  | Found Huveu's Armour Emporium.
 39891 | Snake:2  | Bought the +2 pair of gloves of Action {Str+2 Dex+5} for
                  | 579 gold pieces
 40821 | Snake:3  | Found Hetsituk's Jewellery Shop.
 40822 | Snake:3  | Found Zukkacvo's Gadget Emporium.
 40823 | Snake:3  | Found Tetiet's Jewellery Shop.
 40835 | Snake:3  | Bought the amulet of Ottios {RegenMP rF+ Str+3 Slay+2} for
                  | 939 gold pieces
 40890 | Snake:3  | Received a gift from Sif Muna
 41459 | Snake:4  | Entered Level 4 of the Snake Pit
 41470 | Snake:4  | Reached skill level 22 in Spellcasting
 42628 | Snake:4  | Received a gift from Sif Muna
 43013 | Snake:4  | Identified the +3 lajatang of Currency {speed, *Contam
                  | rN+++ Dex+5}
 43698 | Snake:4  | Reached XP level 18. HP: 108/108 MP: 18/46
 44220 | Snake:4  | Noticed Vashnia
 44746 | Snake:4  | Killed Vashnia
 45084 | Snake:4  | Reached skill level 10 in Conjurations
 45565 | Snake:4  | Reached skill level 23 in Spellcasting
 45978 | Snake:4  | Got a serpentine rune of Zot
 46893 | Lair:5   | Received a gift from Sif Muna
 47888 | Lair:6   | Entered Level 6 of the Lair of Beasts
 47888 | Lair:6   | Noticed Rupert
 47924 | Lair:6   | Found a staircase to the Slime Pits.
 47924 | Lair:6   | Found a viscous altar of Jiyva.
 48105 | Lair:6   | Noticed Kirke
 48559 | Lair:6   | Noticed Snorg
 48564 | Lair:6   | Killed Snorg
 48744 | Lair:6   | Received a gift from Sif Muna
 48759 | Lair:6   | Killed Kirke
 49397 | Lair:6   | Killed Rupert
 49891 | Elf:1    | Entered Level 1 of the Elven Halls
 49909 | Elf:1    | Reached XP level 19. HP: 115/115 MP: 33/48
 50671 | Elf:1    | Identified the Tome of Combat Magic
 50711 | Elf:1    | Identified Sif Muna's Guide on Flamy Black Magic (Sif Muna
                  | gifted it to you on level 1 of the Elven Halls)
 50711 | Elf:1    | Received a gift from Sif Muna
 51185 | Elf:1    | Got a brightly glowing robe
 51186 | Elf:1    | Identified the +0 robe "Kiorrav" {-Tele rPois Int+3 SInv}
                  | (You found it on level 1 of the Elven Halls)
 51265 | Elf:2    | Reached skill level 24 in Spellcasting
 51497 | Elf:2    | Found a runed translucent gate.
 51497 | Elf:2    | Found a runed translucent gate.
 51497 | Elf:2    | Found an opulent altar of Gozag.
 51544 | Elf:2    | Found a runed translucent gate.
 51546 | Elf:2    | Found Doiclast's Assorted Antiques.
 51546 | Elf:2    | Noticed Soammui's ghost (adept MiBe)
 51558 | Elf:2    | Learned a level 9 spell: Shatter
 51800 | Elf:2    | Reached skill level 10 in Necromancy
 52014 | Elf:2    | Found a huge runed translucent gate.
 52014 | Elf:2    | Found a huge runed translucent gate.
 52014 | Elf:2    | Found a huge runed translucent gate.
 52014 | Elf:2    | Found a huge runed translucent gate.
 52015 | Elf:2    | Found a huge runed translucent gate.
 53000 | Elf:3    | Entered Level 3 of the Elven Halls
 53005 | Elf:3    | Reached skill level 10 in Transmutations
 53908 | Elf:3    | Received a gift from Sif Muna
 53980 | Elf:3    | Learned a level 7 spell: Spellforged Servitor
 53989 | Elf:3    | Learned a level 8 spell: Lehudib's Crystal Spear
 54289 | Elf:3    | Reached skill level 1 in Summonings
 54416 | Elf:3    | Reached XP level 20. HP: 83/122 MP: 25/50
 54851 | Elf:3    | Got a crystal long sword
 54852 | Elf:3    | Identified the cursed +2 long sword "Gaas" {protect, rElec
                  | MR+} (You found it on level 3 of the Elven Halls)
 54882 | Elf:3    | Identified the +10 glaive of Haoch {protect, rN++ MR-
                  | Dex+6}
 54882 | Elf:3    | Identified the ring "Foclaish" {rPois rC+ Stlth-}
 54882 | Elf:3    | Identified the +7 halberd "Lablaegg" {drain, rElec MR+
                  | Int+3}
 54882 | Elf:3    | Identified the +1 robe of Qakhleno {Int+3}
 54931 | Elf:3    | Got a sapphire rapier
 54990 | Elf:3    | Identified the cursed +1 rapier "Evuelihi" {freeze, rElec
                  | rC- MR+++ Int-3} (You found it on level 3 of the Elven
                  | Halls)
 55596 | Elf:2    | Killed Soammui's ghost
 55689 | Elf:2    | Bought a sapphire potion for 25 gold pieces
 55689 | Elf:2    | Bought a scroll of identify for 56 gold pieces
 56014 | Vaults:1 | Entered Level 1 of the Vaults
 56127 | Vaults:1 | Reached skill level 25 in Spellcasting
 56969 | Vaults:1 | Received a gift from Sif Muna
 58409 | Vaults:2 | Found Kehit's Antique Armour Emporium.
 58528 | Vaults:2 | Bought a warped robe for 176 gold pieces
 58538 | Vaults:2 | Identified the +1 robe of Generosity {+Fly Str-3 Int+5
                  | SInv} (You bought it in a shop on level 2 of the Vaults)
 58603 | Vaults:2 | Identified the ring "Ninnepna" {rElec rPois rC+ MR+ Str+6}
 58891 | Vaults:2 | Reached skill level 5 in Summonings
 59684 | Vaults:2 | Found a staircase to the Crypt.
 59993 | Vaults:2 | Received a gift from Sif Muna
 59994 | Vaults:2 | Reached XP level 21. HP: 128/128 MP: 1/52
 60777 | Vaults:2 | Identified the ring "Kufryopn" {rCorr Int+2 Slay+4}
 62452 | Vaults:3 | Found Icwozown's Jewellery Emporium.
 62705 | Vaults:3 | Found Wuoff's Gadget Boutique.
 62810 | Vaults:3 | Found Soer's Antique Armour Shop.
 63474 | Vaults:3 | Identified Sif Muna's Tome of Flames and the Entourage (Sif
                  | Muna gifted it to you on level 3 of the Vaults)
 63474 | Vaults:3 | Received a gift from Sif Muna
 63599 | Vaults:3 | Found a runed translucent door.
 63599 | Vaults:3 | Noticed dannycarnage's ghost (adept DEEE)
 63611 | Vaults:3 | Killed dannycarnage's ghost
 63616 | Vaults:3 | Identified the Catalogue of Shape Shifting and
                  | Confrontation
 63858 | Vaults:3 | Reached skill level 26 in Spellcasting
 66555 | Vaults:4 | Identified Sif Muna's Catalogue of the Dusty Escort (Sif
                  | Muna gifted it to you on level 4 of the Vaults)
 66555 | Vaults:4 | Received a gift from Sif Muna
 66555 | Vaults:4 | Reached XP level 22. HP: 135/135 MP: 37/54
 67060 | Vaults:4 | Identified a scroll of acquirement
 67061 | Vaults:4 | Acquired the ring of Lituff {rElec rC++ MP+9}
 67136 | Vaults:5 | Entered Level 5 of the Vaults
 67656 | Vaults:5 | Noticed a golden dragon
 67658 | Vaults:5 | Reached skill level 27 in Spellcasting
 67658 | Vaults:5 | HP: 2/176 [shadow dragon (9)]
 68050 | Vaults:5 | Identified Sif Muna's Disquisition on Quantum Snow (Sif
                  | Muna gifted it to you on level 5 of the Vaults)
 68050 | Vaults:5 | Received a gift from Sif Muna
 68895 | Vaults:5 | Noticed a golden dragon
 69637 | Vaults:5 | Killed a golden dragon
 70030 | Vaults:5 | Reached XP level 23. HP: 142/142 MP: 40/56
 70073 | Vaults:5 | Identified the Volume of the Spatial Snowflakes
 70498 | Vaults:5 | Got a silver rune of Zot
 71588 | D:10     | You paid a toll of 16 scrolls of teleportation to enter a
                  | treasure trove
 71589 | Trove    | Entered a treasure trove
 71592 | Trove    | Got a glittering iron ring
 71594 | Trove    | Got a wavering amber ring
 71598 | Trove    | Got a shimmering jade ring
 71604 | Trove    | Got a smoking pewter ring
 71607 | Trove    | Got a slimy golden ring
 71612 | Trove    | Identified the ring of Sloth {*Corrode *Slow rElec rC+++
                  | rN+} (You found it in a treasure trove)
 71614 | Trove    | Identified the ring "Zanwuf" {rElec MR+} (You found it in a
                  | treasure trove)
 71620 | Trove    | Identified the ring "Osout" {Ice Str+4 SInv} (You found it
                  | in a treasure trove)
 71650 | Trove    | Got a bound garnet amulet
 71654 | Trove    | Got a transparent bronze ring
 71676 | Trove    | Got a twitching copper ring
 71679 | Trove    | Identified the ring "Yrchadao" {+Inv Int+4 Dex+6} (You
                  | found it in a treasure trove)
 71680 | Trove    | Identified the ring of Puwnum {rElec rF+ AC+4 Str+4 Dex-3}
                  | (You found it in a treasure trove)
 71682 | Trove    | Identified the ring of Lysojul {MP-9 Dex+6 Slay+3 Stlth+}
                  | (You found it in a treasure trove)
 71684 | Trove    | Identified the ring "Miamaum" {*Drain +Inv rC+ MR+} (You
                  | found it in a treasure trove)
 71688 | Trove    | Identified the amulet of Tyll {Spirit rElec rPois rC-
                  | Int-3} (You found it in a treasure trove)
 72245 | Depths:1 | Entered Level 1 of the Depths
 72680 | Depths:1 | Received a gift from Sif Muna
 72777 | Depths:1 | Noticed an ancient lich
 72778 | Depths:1 | Found a gateway to a ziggurat.
 72781 | Depths:1 | Killed an ancient lich
 72928 | Depths:1 | Found a gateway to Hell.
 73295 | Depths:1 | Found a one-way gate to the infinite horrors of the Abyss.
 73333 | Depths:1 | Found a glowing golden altar of the Shining One.
 75723 | Depths:3 | Noticed Xtahua
 75735 | Depths:3 | Killed Xtahua
 76199 | Depths:3 | Received a gift from Sif Muna
 77022 | Depths:3 | Found a one-way gate leading to the halls of Pandemonium.
 77128 | Depths:3 | Noticed a caustic shrike
 77131 | Depths:3 | Killed a caustic shrike
 77142 | Depths:3 | Noticed a juggernaut
 77155 | Depths:3 | Killed a juggernaut
 77514 | Depths:3 | Reached XP level 24. HP: 140/149 MP: 41/56
 77694 | Depths:3 | Identified the ring "Doall" {rElec rC+ Slay+3}
 77939 | Depths:3 | Identified the +9 falchion "Mobrugog" {drain, Fragile +Fly
                  | rElec rPois}
 78268 | D:14     | Learned a level 8 spell: Necromutation
 78742 | Depths:4 | Found Maomas's Gadget Shoppe.
 78759 | Depths:4 | Found Hinuyror's Gadget Boutique.
 78993 | Depths:4 | Found Bisseffe's Gadget Shop.
 79073 | Depths:4 | Found Hegui's Jewellery Boutique.
 79235 | Depths:4 | You fall into a shaft and drop 1 floor!
 79235 | Depths:5 | Entered Level 5 of the Depths
 79867 | Depths:4 | Found a shimmering blue altar of Sif Muna.
 79871 | Depths:4 | Noticed an ancient lich
 79878 | Depths:4 | Killed an ancient lich
 79927 | Depths:4 | Identified Sif Muna's Papyrus of the Creative Rocks (Sif
                  | Muna gifted it to you on level 4 of the Depths)
 79927 | Depths:4 | Received a gift from Sif Muna
 79932 | Depths:4 | Reached skill level 15 in Fighting
 80111 | Depths:4 | Identified Sif Muna's Almanac of Damaging Transmutation
 80113 | Depths:4 | Identified the Collected Works on Weightlessness and
                  | Enchantment
 80130 | Depths:4 | Identified the Handbook of Evil and the Mountains
 80293 | Depths:4 | Got a fine morningstar
 81580 | Depths:5 | Found a gate to the Realm of Zot.
 82093 | Slime:1  | Entered Level 1 of the Pits of Slime
 82643 | Slime:4  | Identified Sif Muna's Compendium of Battle Magic and
                  | Moulding (Sif Muna gifted it to you on level 4 of the Pits
                  | of Slime)
 82643 | Slime:4  | Received a gift from Sif Muna
 82659 | Slime:4  | Reached skill level 10 in Summonings
 82986 | Slime:5  | Entered Level 5 of the Pits of Slime
 83045 | Slime:5  | Noticed the Royal Jelly
 83606 | Slime:5  | Killed the Royal Jelly
 84032 | Slime:5  | Reached XP level 25. HP: 154/156 MP: 30/56
 84323 | Slime:4  | HP: 6/202 [acid[the Royal Jelly] (8)]
 84324 | Slime:4  | HP: 1/202 [acid[the Royal Jelly] (5)]
 84324 | Slime:4  | Mangled by an acid blob

Illustrated notes

Levels and vault maps discovered:
D:1:      heliophobic_arrival_henge, layout_loops_ring, dk_noncrumbling_4
D:2:      layout_basic, first_ration, lemuel_old_faithful
D:3:      layout_basic, chequers_ecumenical_altar_simple, gammafunk_ghost_smash,
          uniq_terence, uniq_natasha
D:4:      layout_basic, kennysheep_ying_yang
D:5:      layout_basic, basic_altar
D:6:      cheibrodos_helix_gallery, layout_rooms
D:7:      layout_loops_ring, minmay_temple_entry_trees, grunt_livestock,
          fedhas_altar_fruit_tree, uniq_menkaure, uniq_duvessa, uniq_maggie
D:8:      layout_loops_cross, chequers_temple_overflow_minitemple, worms_lemuel,
          uniq_grum
D:9:      layout_loops_cross
D:10:     layout_rooms, orc_0_dummy, enter_trove_0, minmay_misc_feat_alley
D:11:     layout_cave_pools, erik_lair_orcish_takeover, basic_altar,
          uniq_erolcha
D:12:     layout_loops_ring
D:13:     layout_gridville, serial_shops, nicolae_shop_crystal
D:14:     layout_irregular_city, grunt_vaults_entry_fortified, serial_shops,
          shop, nicolae_looking_at_the_future
D:15:     grunt_enter_depths_snipers, layout_basic, ashenzari_altar_1
Lair:1:   minmay_lair_oklob_tunnel, layout_regular_city, beast_lair_carwin_2,
          serial_bayou_shore_a, lemuel_fruit_tree, uniq_fannar
Lair:2:   layout_misc_corridors, swamp_mist, grunt_megastairs_1
Lair:3:   layout_loops_ring, minmay_snake_entry_guardpost_small,
          chequers_serial_rivers_micro_c, grunt_megastairs_5
Lair:4:   layout_cave_pods, basic_altar, eino_house_with_fridge,
          minmay_lair_oklob_chamber, wad_woods_river_01
Lair:5:   cheibrodos_lair_river_kwai, layout_hall_layers,
          grunt_forest_stairs_clearing, lemuel_fruit_fields, grunt_megastairs_3
Lair:6:   minmay_lair_end_enchanted_forest, layout_regular_city, slime_altar_1,
          kilobyte_rumbling_trees, uniq_kirke, uniq_snorg, uniq_rupert
Swamp:1:  layout_basic_swamp, hangedman_swamp_diagram
Swamp:2:  layout_basic_swamp, serial_swamp_ruin, evilmike_swamp_ruin_house_1,
          evilmike_swamp_ruin_house_6, uniq_louise
Swamp:3:  layout_basic_swamp, lemuel_altar_in_water
Swamp:4:  swamp_alternative, layout_basic_swamp, uniq_aizul
Snake:1:  layout_misc_corridors, hangedman_snake_pattern, grunt_megastairs_4
Snake:2:  layout_onion_interference, serial_shops, nicolae_shop_stone
Snake:3:  layout_onion_interference, grunt_megastairs_2, minmay_shop_grove
Snake:4:  johnstein_snake_rune_scales, layout_grid_shapes, serial_bayou_pond_c,
          corexii_hall_statues_x, grunt_ministairs_8, serial_bayou_ford_a
Slime:1:  layout_caves
Slime:2:  layout_caves
Slime:3:  layout_caves
Slime:4:  layout_caves
Slime:5
Orc:1:    layout_caves, basic_altar
Orc:2:    st_orc_ogre_mass, layout_diamond_mine, serial_shops,
          nicolae_shop_overgrown_old_shop, david_defended_altar_orc
Elf:1:    minmay_elf_arrival_plus, layout_geoelf_octagon,
          minmay_elf_annihilation
Elf:2:    layout_loops_ring, ebering_ghost_gozag
Elf:3:    minmay_elf_hall, layout_rooms
Vaults:1: st_hourglassy, vaults_room_door_hall, hangedman_vaults_capsules,
          v_misc_4, nicolae_vaults_diagonal_hallway_6, vaults_room_fours,
          nicolae_vaults_network_quinsquares
          [nicolae_vaults_network_quincunx_subvault,
          nicolae_vaults_network_quincunx_subvault,
          nicolae_vaults_network_quincunx_subvault,
          nicolae_vaults_network_quincunx_subvault], v_rooms_6, v_misc_19,
          v_misc_23, grunt_vaults_diagonal, vaults_room_pools,
          layout_vaults_omnibox
Vaults:2: blue_anna_dwarven_crypt, v_misc_8, hangedman_vaults_locks,
          st_octagons_2, nicolae_vaults_windows_and_doors_thing,
          nicolae_vaults_specimen_jars, ontoclasm_vaults_shuriken,
          layout_vaults_chaotic_city, serial_shops,
          nicolae_shop_competitors_out_of_business
Vaults:3: gammafunk_vaults_ghost_grave, hangedman_vaults_slither,
          ontoclasm_vaults_spin, ontoclasm_vaults_eye, vaults_dpeg_diagonal,
          nicolae_vaults_alarming, layout_vaults_omnigrid, serial_shops,
          nicolae_shop_stone, nicolae_shop_waterfront, nicolae_shop_waterfront
Vaults:4: nicolae_vaults_diagonal_hallway_8, ontoclasm_vaults_tryst,
          st_octagons_1, v_pattern_3, vaults_room_fours,
          nicolae_vaults_network_s, v_alt_pattern_2, vaults_dpeg_encased_lava,
          nicolae_vaults_mini_display_case, vaults_mumra_lcd, vaults_room_pool,
          ontoclasm_vaults_gateway, nicolae_vaults_twisting_passages,
          ontoclasm_vaults_loading_screen, ontoclasm_vaults_ligature,
          nicolae_vaults_diagonal_hallway_7, layout_vaults_ring
Vaults:5: serial_shops
Depths:1: layout_cave_pools, enter_ziggurat_c, abyss_entry_small_statue_room,
          hell_entry, tso_metal_star, serial_bayou_pond_e, grunt_ministairs_13,
          serial_bayou_pond_e
Depths:2: four-leaf_vault, layout_basic, kennysheep_decorative_pillar,
          pf_vacation_house_of_asmodeus
Depths:3: kennysheep_large_vault, layout_cave_pools, hell_entry,
          rand_demon_pan_entry_3, infiniplex_staircase_squiggle, uniq_xtahua
Depths:4: evilmike_library_of_no_secrets, layout_basic, serial_shops, shop,
          shop, kennysheep_mini_moat, shop, hell_entry,
          hangedman_abyss_entry_splay, nicolae_lava_and_water
Depths:5: evilmike_zot_entry_gauntlet, layout_basic, hellmouth_1,
          serial_bayou_pond_e, abyss_entry

Skill      XL: |  1  2  3  4  5  6  7  8  9 10 11 12 13 14 15 16 17 18 19 20 21 22 23 24 |
---------------+-------------------------------------------------------------------------+-----
Stealth        | 3 |  3.0
Dodging        | 3 |  3.0
Earth Magic    | 4 5 6 7 8 9 10 11 12 13 14 15 16 17 18 19 20 22 23 24 | 24.8
Spellcasting   | 4 5 6 7 8 10 11 12 14 16 17 18 19 21 22 23 24 25 26 27 | 27.0
Conjurations   | 1 2 3 4 5 6 7 8 9 10 11 12 13 | 13.2
Invocations    | 2 4 6 7 8 9 10 11 12 13 14 | 14.0
Fighting       | 2 3 4 5 6 7 8 9 10 11 12 13 14 15 | 15.3
Armour         | 2 3 4 5 |  5.0
Necromancy     | 3 5 6 9 10 11 13 | 13.3
Transmutations | 4 6 8 9 10 12 | 12.0
Fire Magic     | 2 4 |  4.0
Charms         | 1 |  1.0
Air Magic      | 1 |  1.0
Summonings     | 1 5 7 8 10 | 10.0

Action                   |  1- 3 |  4- 6 |  7- 9 | 10-12 | 13-15 | 16-18 | 19-21 | 22-24 | 25-27 || total
-------------------------+-------+-------+-------+-------+-------+-------+-------+-------+-------++-------
Melee: Unarmed           |     1 |       |       |       |       |       |       |       |       ||     1
       Short sword       |    58 |   106 |       |       |       |       |       |       |       ||   164
       Rapier            |       |       |    11 |       |       |       |       |       |       ||    11
       Flail             |       |       |    23 |     9 |    11 |       |       |       |       ||    43
       Dire flail        |       |       |       |       |     9 |       |       |       |       ||     9
       War axe           |       |       |       |       |     4 |    42 |    10 |       |       ||    56
       Long sword        |       |       |       |       |       |       |    39 |     9 |       ||    48
       Scimitar          |       |       |       |       |       |       |    15 |     1 |       ||    16
       Staff             |       |       |       |       |       |       |       |    20 |       ||    20
Throw: Dart              |       |     3 |       |       |       |       |       |       |       ||     3
       Stone             |       |     1 |       |       |       |       |       |       |       ||     1
 Cast: Sandblast         |    46 |    25 |    50 |   132 |   118 |   142 |    10 |       |       ||   523
       Stone Arrow       |       |    39 |    76 |   174 |   169 |    99 |    10 |       |       ||   567
       Lee's Rapid Decon |       |       |    15 |    92 |   143 |   107 |   122 |   110 |       ||   589
       Petrify           |       |       |     2 |     3 |    23 |     2 |     1 |       |       ||    31
       Borgnjor's Vile C |       |       |       |    25 |   175 |   410 |   315 |   230 |       ||  1155
       Statue Form       |       |       |       |       |    22 |    20 |    30 |    24 |     3 ||    99
       Fireball          |       |       |       |       |    12 |       |     2 |     2 |       ||    16
       Iron Shot         |       |       |       |       |    91 |   210 |   264 |   245 |     4 ||   814
       Starburst         |       |       |       |       |     6 |       |     4 |       |       ||    10
       Swiftness         |       |       |       |       |     4 |    11 |    14 |    13 |     2 ||    44
       Passwall          |       |       |       |       |       |     2 |       |       |       ||     2
       Spellforged Servi |       |       |       |       |       |       |     5 |    57 |     3 ||    65
       Lehudib's Crystal |       |       |       |       |       |       |     4 |     9 |       ||    13
       Shatter           |       |       |       |       |       |       |       |    13 |     4 ||    17
       Necromutation     |       |       |       |       |       |       |       |     7 |       ||     7
Invok: Channel Magic     |       |       |       |       |     1 |     1 |     1 |     1 |       ||     4
 Abil: End Transformatio |       |       |       |       |    21 |    17 |    28 |    25 |     1 ||    92
       Evoke Flight      |       |       |       |       |    30 |    44 |       |       |       ||    74
       Stop Flying       |       |       |       |       |     3 |    19 |       |       |       ||    22
Evoke: Wand              |       |       |     1 |       |       |       |       |       |       ||     1
       Phantom mirror    |       |       |       |       |       |       |       |     1 |       ||     1
  Use: Potion            |       |       |     5 |       |     3 |     2 |     2 |     6 |     4 ||    22
       Scroll            |       |       |     2 |     6 |    15 |    10 |    16 |    19 |     2 ||    70
 Stab: Sleeping          |     3 |     3 |     3 |       |       |       |       |       |       ||     9
       Distracted        |       |       |     1 |       |       |       |       |     1 |       ||     2
       Petrified         |       |       |       |       |     3 |       |       |       |       ||     3
  Eat: Chunk             |     2 |    12 |    18 |    22 |    34 |    28 |    45 |    36 |       ||   197
       Ration            |       |       |       |     2 |     5 |     9 |     2 |     5 |       ||    23
Armor: Robe              |    18 |    23 |     9 |       |       |    11 |    42 |    82 |     4 ||   189
       Steam dragon scal |       |       |     1 |    20 |       |       |       |       |       ||    21
       Acid dragon scale |       |       |       |     9 |    88 |   144 |       |       |       ||   241
       Skin              |       |       |       |       |   183 |    96 |   118 |   145 |    49 ||   591
Dodge: Dodged            |    83 |   102 |    67 |    83 |   300 |   233 |   154 |   208 |    33 ||  1263
       Rpst.: Long sword |       |       |       |       |       |       |    10 |    16 |       ||    26
       Scimitar          |       |       |       |       |       |       |     9 |     3 |       ||    12
